 Dungeon Crawl Stone Soup version 0.24.1-14-gf8d2b509d9 (webtiles) character file.

Game seed: 1021466679840367313, levelgen mode: deterministic

545 evilpenguin128 the Cudgeler (level 7, -5/60 HPs)
             Began as a Hill Orc Fighter on May 21, 2020.
             Slain by an orc warrior
             ... wielding a +2 battleaxe of chopping
              (9 damage)
             ... on level 8 of the Dungeon on May 22, 2020.
             The game lasted 01:48:37 (3866 turns).

evilpenguin128 the Cudgeler (Hill Orc Fighter)      Turns: 3866, Time: 01:48:38

Health: -5/60      AC: 15    Str: 21    XL:     7   Next: 27%
Magic:  0/7        EV:  4    Int:  8    God:
Gold:   128        SH:  9    Dex: 10    Spells: 6/6 levels left

rFire    . . .     SeeInvis +   a - +0 war axe
rCold    . . .     Gourm    .   c - +0 shield
rNeg     . . .     Faith    .   s - +0 plate armour
rPois    .         Spirit   +   (no helmet)
rElec    .         Reflect  .   U - scarf {Spirit}
rCorr    .         Harm     .   X - +2 pair of gloves
MR       .....                  (no boots)
Stlth    ..........             (no amulet)
HPRegen  0.20/turn              e - ring of stealth
MPRegen  0.10/turn              h - ring of see invisible

@: about to teleport
A: no striking features
a: no special abilities


You were on level 8 of the Dungeon.
You were full.

You visited 1 branch of the dungeon, and saw 6 of its levels.

You collected 128 gold pieces.

Inventory:

Hand Weapons
 a - a +0 war axe (weapon)
 i - a +0 falchion
 n - a +0 quarterstaff
 p - a +0 club
 q - a +0 mace
 w - a +0 flail
 E - a +0 short sword
 F - a +0 hand axe
 H - a +0 giant club
 M - a +0 mace
 S - a +0 hunting sling
 T - a +4 mace
 W - a +0 dagger
 Y - a +0 club
Missiles
 m - 2 boomerangs
 o - 54 bolts
 x - 3 atropa-tipped darts
 B - 60 stones (quivered)
 L - 39 sling bullets
 Z - 7 arrows
Armour
 b - a +0 scale mail
 c - a +0 shield (worn)
 j - a +0 chain mail
 s - a +0 plate armour (worn)
 A - a +0 ring mail
 Q - a +0 scale mail
 U - a scarf of spirit shield (worn)
 X - a +2 pair of gloves (worn)
Jewellery
 e - a ring of stealth (left hand)
 h - a ring of see invisible (right hand)
 N - a +1 ring of evasion {unknown}
Wands
 g - a wand of flame (14)
Scrolls
 k - a scroll of magic mapping {unknown}
 t - 2 scrolls of amnesia
 v - a scroll of immolation {unknown}
 y - 2 scrolls of teleportation
 G - a scroll of fear
 I - 2 scrolls of random uselessness {unknown}
 K - 2 scrolls of remove curse
 P - a scroll of identify
Potions
 d - a potion of might
 l - 2 potions of heal wounds {unknown}
 r - a potion of haste {unknown}
 u - 3 potions of brilliance {unknown}
 J - a potion of berserk rage {unknown}
 O - 2 potions of flight {unknown}
 V - 2 potions of curing {unknown}
Comestibles
 f - 5 rations


   Skills:
 + Level 4.4 Fighting
 + Level 4.3(6.0) Axes
 + Level 5.3(5.8) Maces & Flails
 + Level 0.1 Throwing
 + Level 4.3 Armour
 + Level 1.1 Dodging
 + Level 4.5 Shields


You had 6 spell levels left.
You didn't know any spells.
Your spell library was empty.

Dungeon Overview and Level Annotations

Branches:
Dungeon (5/15)
 Temple: D:4-7

Altars:
Dithmenos
Kikubaaqudgha
Zin
The Shining One


Message History

The stone hits the orc warrior but does no damage.
Throwing (i - inventory. (/) - cycle)
B - 61 stones (quivered)
Press: ? - help, Shift-Dir - straight line, f/p - orc warrior
Aim: an orc warrior, wielding a +2 battleaxe of chopping and wearing a +0 plate armour You throw a stone.
The stone closely misses the orc warrior.
Okay, then.
Welcome back, evilpenguin128 the Hill Orc Fighter.
Press ? for a list of commands and other information.
Welcome back, evilpenguin128 the Hill Orc Fighter.
Press ? for a list of commands and other information.
Press: ? - help, v - describe, . - travel
Here: an orc warrior, wielding a +2 battleaxe of chopping and wearing a +0 plate armour The floor.
The orc warrior hits you with a +2 battleaxe of chopping!
* * * LOW HITPOINT WARNING * * *
x2
As you read the scroll of teleportation, it crumbles to dust.
You feel strangely unstable.
The orc warrior hits you with a +2 battleaxe of chopping!
You die...

#...!F. .#
.......## .#
.......$##.#
..........#
.......o..#
....##....##
..(........#
..o.....#..########
........#...#.#o@.#
..o.....#.#†((.O..#
..........#.......#
..........(.....###
.#..............#
##.......(#....
#.............#
........#......#
.#...........###


You could see a two-headed ogre and an orc warrior.

Vanquished Creatures
  An ogre (D:4)
  A bullfrog (D:8)
  A crimson imp (D:5)
  A bullfrog zombie (D:8)
  A hound (D:4)
  A jelly (D:5)
  Jessica (D:3)
  2 orc wizards (D:4)
  2 worker ants
  2 hound skeletons
  5 adders
  A worm (D:2)
  A dart slug (D:3)
  3 leopard geckos
  8 orcs (D:4)
  A ball python (D:5)
  A giant cockroach (D:1)
  8 goblins
  4 hobgoblins
  11 jackals
  2 kobolds (D:1)
  2 quokkas (D:3)
  4 bats
  A frilled lizard (D:1)
  9 rats
74 creatures vanquished.

Notes
Turn   | Place    | Note
-------+----------+-------------------------------------------
     0 | D:1      | evilpenguin128 the Hill Orc Fighter began the quest for the
                  | Orb.
     0 | D:1      | Reached XP level 1. HP: 19/19 MP: 1/1
   165 | D:1      | Reached XP level 2. HP: 27/27 MP: 2/2
   595 | D:2      | Reached XP level 3. HP: 32/33 MP: 3/3
  1426 | D:3      | Noticed Jessica
  1440 | D:3      | Killed Jessica
  1440 | D:3      | Reached skill level 1 in Maces & Flails
  1440 | D:3      | Reached XP level 4. HP: 32/40 MP: 4/4
  2044 | D:3      | Reached skill level 2 in Maces & Flails
  2158 | D:4      | Reached XP level 5. HP: 46/46 MP: 5/5
  2564 | D:4      | Found an ancient bone altar of Kikubaaqudgha.
  2621 | D:4      | Found a shadowy altar of Dithmenos.
  2648 | D:4      | Reached skill level 3 in Maces & Flails
  2659 | D:4      | Reached skill level 1 in Dodging
  3021 | D:4      | Noticed an ogre
  3027 | D:4      | Killed an ogre
  3027 | D:4      | Reached XP level 6. HP: 25/53 MP: 2/6
  3361 | D:4      | Reached skill level 4 in Maces & Flails
  3446 | D:5      | Entered Level 5 of the Dungeon
  3574 | D:5      | Found a glowing silver altar of Zin.
  3745 | D:5      | Found a glowing golden altar of the Shining One.
  3773 | D:5      | Reached XP level 7. HP: 56/60 MP: 7/7
  3826 | D:5      | You fall into a shaft and drop 3 floors!
  3826 | D:8      | Noticed a two-headed ogre
  3846 | D:8      | Reached skill level 5 in Maces & Flails
  3866 | D:8      | Slain by an orc warrior

Levels and vault maps discovered:
D:1:      minmay_arrival_glassed_features, layout_basic
D:2:      layout_basic, first_ration
D:3:      layout_basic, dk_noncrumbling_4, uniq_jessica
D:4:      layout_gridville, nicolae_overflow_crystal_walls, kennysheep_path_1,
          nicolae_dithmenos_shadow_blocks, uniq_duvessa, uniq_menkaure
D:5:      layout_gridville, nicolae_tso_carved_into_rock, basic_altar
D:8:      layout_cave_pools, minitemple, basic_altar, uniq_psyche, uniq_maurice

Skill      XL: |  1  2  3  4  5  6  7 |
---------------+----------------------+-----
Axes           | 3 4 |  4.3
Fighting       | 4 |  4.4
Maces & Flails | 1 2 3 4 5 |  5.3
Armour         | 4 |  4.3
Dodging        | 1 |  1.1
Shields        | 4 |  4.5
Throwing       | |  0.1

Action                   |  1- 3 |  4- 6 |  7- 9 || total
-------------------------+-------+-------+-------++-------
Melee: War axe           |    58 |       |    12 ||    70
       Club              |    17 |       |       ||    17
       Flail             |    59 |   200 |       ||   259
Throw: Stone             |       |     7 |     3 ||    10
  Use: Scroll            |     1 |     3 |     4 ||     8
  Eat: Chunk             |     2 |     3 |       ||     5
       Ration            |       |     3 |       ||     3
Armor: Scale mail        |    68 |    79 |       ||   147
       Plate armour      |       |    90 |    17 ||   107
Dodge: Dodged            |    57 |    75 |     7 ||   139
Block: Shield            |    79 |   136 |    15 ||   230
